 Dungeon Crawl Stone Soup version 0.22-a0-422-g9628fc8 (webtiles) character file.

21 dstrtnsr the Skirmisher (level 2, 0/27 HPs)
             Began as a Hill Orc Berserker on May 19, 2018.
             Was a Follower of Trog.
             Slain by a goblin (4 damage)
             ... led by Robin
             ... on level 2 of the Dungeon.
             The game lasted 00:01:56 (719 turns).

dstrtnsr the Skirmisher (Hill Orc Berserker)         Turns: 719, Time: 00:01:57

Health: 0/27       AC:  2    Str: 24    XL:     2   Next: 83%
Magic:  2/2        EV: 12    Int:  7    God:    Trog [*.....]
Gold:   79         SH:  0    Dex: 10    Spells: 1/1 levels left

rFire    . . .     SeeInvis .   e - 2 rations {!d}
rCold    . . .     Gourm    .   (no shield)
rNeg     + . .     Faith    .   a - +0 animal skin
rPois    .         Spirit   .   (no helmet)
rElec    .         Reflect  .   (no cloak)
rCorr    .         Harm     .   (no gloves)
MR       .....                  (no boots)
Stlth    +.........             (no amulet)
HPRegen  0.09/turn              g - +5 ring of slaying
MPRegen  0.08/turn              h - ring of positive energy

@: mighty, berserk cooldown
A: no striking features
a: Berserk, Renounce Religion


You were on level 2 of the Dungeon.
You worshipped Trog.
Trog was aware of your devotion.
You were not hungry.

You visited 1 branch of the dungeon, and saw 2 of its levels.

You collected 79 gold pieces.

Inventory:

Armour
 a - a +0 animal skin (worn)
Jewellery
 g - a +5 ring of slaying (left hand)
 h - a ring of positive energy (right hand)
Scrolls
 f - a scroll of remove curse {@r2}
Comestibles
 c - 5 chunks of flesh
 e - 2 rations (in hand) {!d}


   Skills:
 + Level 4.2 Fighting
 + Level 3.0 Armour
 - Level 1.5 Dodging
 - Level 3.2 Unarmed Combat


You had one spell level left.
You didn't know any spells.
Your spell library was empty.

Dungeon Overview and Level Annotations

Branches:
Dungeon (1/15)

Altars:

Annotations:
D:2 Robin


Message History

A hobgoblin is nearby!
A hobgoblin is nearby!
A hobgoblin is nearby!
Do you really want to go berserk while wielding your 2 rations {!d}?
A red film seems to cover your vision as you go berserk!
You feel yourself moving faster!
You feel mighty!
You are feeling hungry.
You hit the hobgoblin!
You kill the hobgoblin!
Trog accepts your kill.
No target in view!
No target in view!
There is an open door here.
Things that are here:
a club; a hobgoblin corpse You butcher the hobgoblin corpse.
You feel a strong urge to attack something.
c - 6 chunks of flesh (gained 4)
There is an open door here.
Things that are here:
a club; a hobgoblin skeleton You start waiting.
Eating one of 6 chunks of flesh.
You eat one of the 6 chunks of flesh.
This raw flesh tastes terrible.
You feel your anger nearly subside.
You start waiting.
You are no longer berserk.
You are exhausted.
You feel yourself slow down.
You open the door. 2 goblins and 2 hobgoblins come into view.
The goblin shouts!
Found a scroll labeled SIELETZ CORIMM, a ration and 7 gold pieces.
There are monsters nearby!
There are monsters nearby!
Unknown command.
The hobgoblin shouts!
There is an open door here.
Things that are here:
a club; a hobgoblin skeleton There's a creature in the doorway!
Unknown command.
The goblin hits you but does no damage. The goblin hits you but does no damage.
The goblin barely misses you. The goblin closely misses you.
The hobgoblin barely misses you.
There is an open door here.
The hobgoblin misses you. The hobgoblin hits you with a club.
A goblin comes into view. It is wielding a club.
The hobgoblin closely misses you.
The goblin moves out of view.
A goblin comes into view.
The goblin shouts! x2
A goblin comes into view. x2; A hobgoblin comes into view.
You hear a shout! x2
A goblin comes into view. It is wielding a club.
The goblin shouts!
The hobgoblin shouts!
You hear a shout!
Robin of the Strong Arm comes into view.
She is wielding a club.
A hobgoblin comes into view. It is wielding a club.
The hobgoblin hits you but does no damage.
The goblin moves out of view.
Robin shouts!
The goblin shouts!
A hobgoblin comes into view. It is wielding a club.
Robin throws the goblin at you! The goblin barely misses you.
A goblin comes into view. It is wielding a club.
The goblin hits you.
As you read the scroll labeled OMYRAR NOOWN, it crumbles to dust.
It is a scroll of identify.
f - a scroll of remove curse The goblin hits you.
The goblin closely misses you. The goblin misses you. The goblin hits you.
As you read the scroll labeled IGHIAM LENA, it crumbles to dust.
Your brain hurts!
It was a scroll of random uselessness.
The goblin barely misses you. The goblin hits you.
It was a potion of invisibility.
You fade into invisibility!
The goblin closely misses you. The goblin barely misses you.
Robin roars a battlecry!
The goblins go into a battle-frenzy!
The goblin closely misses you. x2
You are very lightly contaminated with residual magic.
It was a potion of cancellation.
Your magical effects are unravelling.
You feel magically purged.
Your magical contamination has completely faded away.
You feel yourself speed up.
You flicker back into view.
The goblin closely misses you. The goblin completely misses you.
It was a potion of might.
You feel very mighty all of a sudden. The goblin closely misses you.
The goblin hits you.
You barely miss the goblin. The goblin closely misses you. The goblin hits you.
* * * LOW HITPOINT WARNING * * *
The goblin hits you.
* * * LOW HITPOINT WARNING * * *
The goblin barely misses you.
You clumsily bash the goblin.
You kill the goblin!
Trog accepts your kill. The goblin barely misses you. The goblin hits you.
You die...

. #.......######
..#######...(.........
........'g......g.....
#########g......g####.
#.|g...gg# . ########g#
.. #### #g# ...#..### #g#
...gg.).# #@# ...#..#.#
#g# %. ####.## #g# .
#..g# #g#
######...#######g########
.....'...'...g..g........
....##...####...#########
....+.......'...'........
....#####...#...########.


You could see Robin, 4 hobgoblins and 7 goblins.

Vanquished Creatures
  A dart slug (D:1)
  A leopard gecko (D:1)
  A bat (D:1)
  3 goblins (D:2)
  5 hobgoblins
  2 frilled lizards (D:1)
  2 kobolds (D:1)
  2 rats (D:1)
17 creatures vanquished.

Notes
Turn   | Place    | Note
-------+----------+-------------------------------------------
     0 | D:1      | dstrtnsr the Hill Orc Berserker began the quest for the Orb.
     0 | D:1      | Reached XP level 1. HP: 19/19 MP: 1/1
   231 | D:1      | Reached skill level 4 in Fighting
   231 | D:1      | Reached XP level 2. HP: 27/27 MP: 2/2
   262 | D:1      | HP: 10/27 [frilled lizard (1)]
   564 | D:1      | You fall through a shaft!
   711 | D:2      | Noticed Robin
   717 | D:2      | HP: 9/27 [goblin[Robin] (5)]
   718 | D:2      | HP: 4/27 [goblin[Robin] (3)]
   719 | D:2      | Slain by a goblin

Vault maps used:
D:1:      scummos_arrival_simple_fountains
D:2:      minmay_goblin_kobold_house, uniq_robin

Skill      XL: |  1  2 |
---------------+-------+-----
Fighting       | 4 |  4.2
Armour         | 3 |  3.0
Dodging        | |  1.5
Unarmed Combat | |  3.2

Action                   || total
-------------------------++-------
Invok: Berserk           ||     9
  Use: Potion            ||     3
       Scroll            ||     2
  Eat: Chunk             ||     8
Armor: Animal skin       ||    17
Dodge: Dodged            ||    68

Table legend:
 A = Spawn XP
 B = Non-spawn XP
 C = Spawn XP percentage of total XP
 D = Spawn monster count
 E = Non-spawn monster count
 F = Spawn count percentage of total count
 G = Total turns spent on level
                    A         B        C        D         E        F      G
               +---------+---------+-------+---------+---------+-------+---------
         Total |       0 |      30 |   0.0 |       0 |      17 |   0.0 |   719
               +---------+---------+-------+---------+---------+-------+---------
           D:1 |       0 |      21 |   0.0 |       0 |      12 |   0.0 |   564
           D:2 |       0 |       9 |   0.0 |       0 |       5 |   0.0 |   155
               +---------+---------+-------+---------+---------+-------+---------
